 Dungeon Crawl Stone Soup version 0.31-a0-795-g5eb97db20b (webtiles) character file.

Game seed: 6827016738741632366

331 patchburns1 the Covered (level 6, -4/39 HPs)
             Began as a Gargoyle Fighter on Sept 18, 2023.
             Slain by puppykicker's ghost (6 damage)
             ... on level 3 of the Dungeon.
             The game lasted 00:08:22 (2304 turns).

patchburns1 the Covered (Gargoyle Fighter)          Turns: 2304, Time: 00:08:22

Health: -4/39      AC: 16    Str: 19    XL:     6   Next: 51%
Magic:  6/6        EV:  6    Int: 15    God:
Gold:   154        SH:  5    Dex: 11    Spells: 5/5 levels left

rFire   . . .        a - +0 flail
rCold   . . .        c - +0 buckler
rNeg    + . .        r - +0 plate armour
rPois   ∞            (no helmet)
rElec   +            (no cloak)
rCorr   .            (no gloves)
SInv    .            (no boots)
Will    .....        (no amulet) Stlth
                     n - +6 ring of intelligence
HPRegen 0.26/turn    (no ring)
MPRegen 0.10/turn

%: no passive effects
@: slowed, very slow
A: sickness immunity, AC +4, negative energy resistance 1, electricity
resistance, torment resistance 1, petrification resistance
a: no special abilities


You were on level 3 of the Dungeon.
You visited 1 branch of the dungeon, and saw 3 of its levels.

You collected 154 gold pieces.

Inventory:

Hand Weapons
 a - a +0 flail (weapon)
 j - a +3 dagger
 m - a +0 mace
Missiles
 g - 41 stones
Armour
 c - a +0 buckler (worn)
 r - a +0 plate armour (worn)
Jewellery
 n - a +6 ring of intelligence (left hand)
Scrolls
 b - a scroll of identify {unknown}
 e - a scroll of butterflies {unknown}
 f - a scroll of vulnerability {unknown}
 h - a scroll of teleportation {unknown}
 i - a scroll of silence {unknown}
 l - a scroll of blinking {unknown}
 q - a scroll of enchant armour {unknown}
Potions
 k - a potion of resistance {unknown}
 o - a potion of berserk rage {unknown}
 p - a potion of haste {unknown}


   Skills:
 + Level 4.5 Fighting
 + Level 3.4 Maces & Flails
 + Level 4.5 Armour
 + Level 2.0 Dodging
 + Level 4.5 Shields


You had 5 spell levels left.
You didn't know any spells.
Your spell library contained the following spells:

 Spells                   Type           Power      Damage    Failure   Level
 Freeze                   Ice            0%         1d3       100%        1
 Ensorcelled Hibernation  Hex/Ice        0%         N/A       100%        2
 Jinxbite                 Hex            0%         N/A       100%        2
 Frozen Ramparts          Ice            0%         1d1       100%        3
 Hailstorm                Conj/Ice       0%         3d3       100%        3
 Anguish                  Hex/Necr       0%         N/A       100%        4


Dungeon Overview and Level Annotations

Branches:
Dungeon (3/15)

Altars:

Annotations:
D:3 jakob's ghost, weakling DsNe; puppykicker's ghost, amateur OpSh


Innate Abilities, Weirdness & Mutations

You are immune to sickness and miasma.
Your stone body is resilient. (AC +4)
You are immune to poison.
You resist negative energy. (rN+)
You are resistant to electric shocks. (rElec)
You are resistant to unholy torment.
You are immune to petrification.


Message History

You barely miss puppykicker's ghost.
Puppykicker's ghost is heavily damaged.
Puppykicker's ghost hits you but does no damage. x2
You closely miss puppykicker's ghost.
Puppykicker's ghost is heavily damaged.
Puppykicker's ghost closely misses you. Puppykicker's ghost barely misses you.
You barely miss puppykicker's ghost.
Puppykicker's ghost is heavily damaged.
Puppykicker's ghost hits you but does no damage.
Puppykicker's ghost barely misses you.
You closely miss puppykicker's ghost.
Puppykicker's ghost is moderately damaged.
You feel a little less mighty now.
Puppykicker's ghost hits you but does no damage. x2
You hit puppykicker's ghost but do no damage.
Puppykicker's ghost is moderately damaged.
Puppykicker's ghost flexes its fingers.
Puppykicker's ghost hits you.
* * * LOW HITPOINT WARNING * * *
Puppykicker's ghost closely misses you.
You miss puppykicker's ghost.
Puppykicker's ghost is moderately damaged.
Puppykicker's ghost barely misses you. Puppykicker's ghost hits you.
* * * LOW HITPOINT WARNING * * *
You sock puppykicker's ghost!
Puppykicker's ghost is severely damaged.
You block puppykicker's ghost's attack.
You closely miss puppykicker's ghost.
Puppykicker's ghost is severely damaged.
Puppykicker's ghost whispers, "There is no future for you."
Puppykicker's ghost hits you but does no damage.
You block puppykicker's ghost's attack.
You closely miss puppykicker's ghost.
Puppykicker's ghost is severely damaged.
Puppykicker's ghost barely misses you. Puppykicker's ghost hits you.
* * * LOW HITPOINT WARNING * * *
You completely miss puppykicker's ghost.
Puppykicker's ghost is severely damaged.
Puppykicker's ghost barely misses you. Puppykicker's ghost hits you.
You die...

..# #. ..#.. . ###.#. ### ..
#.... .. ..#.# .##.#######.#.# #
#.#.# ............#.####
#####.#.# #W.......##.######
......... #W##..........##..
......#.# ##@##.W........##.#
......#.# #..####W''####..#.#
......#.# #..#!.......$#.....
........# #.[#8.......8#..#†.
.###..### #..#........[#.####
......## #..#........$#.#...
#......########..##8.....8####...
#.##.#.##.........##!P⌠P?##......
#.##....)..........#######.#.....


You could see jakob's ghost and puppykicker's ghost.

Vanquished Creatures
  The ghost of cforsyth the Trooper, an amateur DjDe of Hepliaklqana (D:3)
  The ghost of awesomeguy42 the Grave Robber, an amateur HuNe (D:3)
  5 adders
  3 gnolls (D:2)
  2 worms (D:2)
  2 orcs
  4 bats
  7 endoplasms
  5 giant cockroaches
  A goblin (D:3)
  8 hobgoblins
  2 quokkas
  5 ball pythons
  2 frilled lizards
  5 kobolds
  2 rats (D:1)
55 creatures vanquished.

Notes
Turn   | Place    | Note
-------+----------+-------------------------------------------
     0 | D:1      | patchburns1 the Gargoyle Fighter began the quest for the
                  | Orb.
     0 | D:1      | Reached XP level 1. HP: 14/14 MP: 1/1
   403 | D:1      | Reached XP level 2. HP: 19/19 MP: 2/2
  1075 | D:2      | Reached XP level 3. HP: 8/23 MP: 3/3
  1383 | D:2      | Reached skill level 1 in Dodging
  1449 | D:2      | Reached XP level 4. HP: 25/29 MP: 4/4
  1891 | D:2      | Found a faded altar of an unknown god.
  2057 | D:3      | Reached XP level 5. HP: 32/33 MP: 5/5
  2239 | D:3      | Found a runed translucent gate.
  2239 | D:3      | Found a runed translucent gate.
  2239 | D:3      | Found a runed translucent gate.
  2240 | D:3      | Noticed awesomeguy42's ghost (amateur HuNe)
  2240 | D:3      | Noticed cforsyth's ghost (amateur DjDe)
  2241 | D:3      | Noticed jakob's ghost (weakling DsNe)
  2241 | D:3      | Noticed puppykicker's ghost (amateur OpSh)
  2284 | D:3      | Killed cforsyth's ghost
  2285 | D:3      | Reached XP level 6. HP: 13/39 MP: 6/6
  2291 | D:3      | Killed awesomeguy42's ghost
  2303 | D:3      | HP: 1/39 [puppykicker's ghost (3)]
  2304 | D:3      | Slain by puppykicker's ghost

Illustrated notes

Levels and vault maps discovered:
D:1:      dpeg_arrival_tiny_c, layout_loops_corners, patterned_corridor
D:2:      layout_basic, shapermc_ecumenical_altar_mp_vishouse, moated_statue,
          minmay_cupped
D:3:      layout_loops_cross, nicolae_tso_besieged_by_evil,
          gammafunk_ghost_cemetery

Skill      XL: |  1  2  3  4  5  6 |
---------------+-------------------+-----
Dodging        | 1 2 |  2.0
Fighting       | 4 |  4.5
Shields        | 4 |  4.5
Armour         | 4 |  4.5
Maces & Flails | 3 |  3.4

Action                     |  1- 3 |  4- 6 || total
---------------------------+-------+-------++-------
  Melee: Flail             |   108 |   149 ||   257
    Use: Potion            |       |     1 ||     1
 Armour: Scale mail        |    65 |       ||    65
         Chain mail        |    11 |    74 ||    85
         Plate armour      |       |    53 ||    53
  Dodge: Dodged            |    52 |    48 ||   100
  Block: Buckler           |    28 |    27 ||    55

Table legend: (Time is in decaauts)
 A = Elapsed time spent in this place.
 B = Non-inter-level travel time spent in this place.
 C = Inter-level travel time spent in this place.
 D = Time resting spent in this place.
 E = Time spent auto-exploring this place.
 F = Levels seen in this place.
 G = Mean time per level.
                   A        B        C        D        E       F      G
               +--------+--------+--------+--------+--------+-----+--------+
         Total |   2410 |   2286 |    124 |     65 |   1466 |   3 |  803.3 |
       Dungeon |   2410 |   2286 |    124 |     65 |   1466 |   3 |  803.3 |
               +--------+--------+--------+--------+--------+-----+--------+

Top non-repeatable levels by time:
     D:1: 1054 daAuts
     D:2: 980 daAuts
     D:3: 375 daAuts
